 Dungeon Crawl Stone Soup version 0.30.0-10-gfe55d96785 (webtiles) character file.

Game seed: 5334083835691997372

26 Byczy the Magician (level 2, 0/15 HPs)
             Began as a Deep Elf Air Elementalist on May 15, 2023.
             Slain by a goblin
             ... wielding a +0 dagger
             ... led by Robin
              (1 damage)
             ... on level 2 of the Dungeon.
             The game lasted 00:01:58 (931 turns).

Byczy the Magician (Deep Elf Air Elementalist)       Turns: 931, Time: 00:01:59

Health: 0/15       AC:  2    Str:  5    XL:     2   Next: 89%
Magic:  1/8        EV: 12    Int: 19    God:
Gold:   53         SH:  0    Dex: 15    Spells: 7/8 levels left

rFire   . . .        e - +0 falchion
rCold   . . .        (no shield)
rNeg    . . .        a - +0 robe
rPois   .            (no helmet)
rElec   .            (no cloak)
rCorr   .            (no gloves)
SInv    .            (no boots)
Will    .....        (no amulet)
Stlth   ++           (no ring)
HPRegen 0.22/turn    (no ring)
MPRegen 0.11/turn

%: no passive effects
@: no status effects
A: no striking features
a: no special abilities


You were on level 2 of the Dungeon.
You visited 1 branch of the dungeon, and saw 2 of its levels.

You collected 53 gold pieces.

Inventory:

Hand Weapons
 e - a +0 falchion (weapon)
Armour
 a - a +0 robe (worn)
Scrolls
 d - a scroll of magic mapping {unknown}
 g - 2 scrolls of identify {unknown}
 i - a scroll of immolation {unknown}
 j - a scroll of poison {unknown}
Potions
 b - a potion of magic
 c - 2 potions of invisibility {unknown}
 f - a potion of curing {unknown}
 h - a potion of ambrosia {unknown}


   Skills:
 + Level 2.5 Dodging
 + Level 2.4 Stealth
 + Level 3.7 Spellcasting
 + Level 1.5 Conjurations
 + Level 3.4 Air Magic


You had 7 spell levels left.
You knew the following spells:

 Your Spells              Type           Power      Damage    Failure   Level
a - Shock                 Conj/Air       52%        1d6       4%          1

Your spell library contained the following spells:

 Spells                   Type           Power      Damage    Failure   Level
 Static Discharge         Conj/Air       26%        2-4/arc   8%          2
 Swiftness                Air            16%        N/A       10%         3
 Airstrike                Air            8%         2d(2-18)  32%         4


Dungeon Overview and Level Annotations

Branches:
Dungeon (2/15)

Altars:

Annotations:
D:2 Robin


Message History

Aim: Robin, wielding a +0 whip, wearing a +0 animal skin and wearing a +0 helmet (lightly wounded, 77% to hit)
The zap hits the goblin.
You kill the goblin!
The zap hits Robin.
Robin is lightly wounded.
The goblin shouts!
Casting: Shock (safe; 4% risk of failure)
Confirm with . or Enter, or press ? or * to list all spells.
Aiming: Shock (safe; 4% risk of failure)
Press: ? - help, Shift-Dir - straight line, f/p - Robin
Aim: Robin, wielding a +0 whip, wearing a +0 animal skin and wearing a +0 helmet (lightly wounded, 77% to hit)
The zap hits Robin.
Robin is moderately wounded.
The zap hits Robin but does no damage.
Robin is moderately wounded.
Robin closely misses you.
The zap hits Robin.
Robin is moderately wounded.
Robin hits you with a +0 whip. Robin attacks as you move away!
Robin hits you but does no damage.
You hit Robin but do no damage.
Robin is moderately wounded.
Robin hits you with a +0 whip.
* * * LOW HITPOINT WARNING * * *
You hit Robin.
Robin is heavily wounded.
Robin throws the goblin at you!
* * * LOW HITPOINT WARNING * * *
A goblin comes into view. It is wielding a +0 dagger.
The goblin barely misses you. The goblin hits you but does no damage.
Robin roars a battlecry!
The goblins go into a battle-frenzy!
The goblin shouts!
You hit Robin.
Robin is severely wounded.
Robin barely misses you. The goblin closely misses you.
Robin attacks as you move away! Robin hits you with a +0 whip.
* * * LOW HITPOINT WARNING * * *
The goblin attacks as you move away! The goblin hits you with a +0 dagger.
You die...

g# #.# #) #.#. #)
#.#.# #† #.#.# # #.
#.#.# .#
#.####.###.#.# #.####
.........).#.##......
.#####...)...g...###
#####.g.@.....#
#.#g##.##.# #...##.#
##..##.# #..##.#
#..##.# ##..##.######
#...........#
#..)##..###.#


You could see Robin and 2 goblins.

Vanquished Creatures
  A ball python (D:1)
  An endoplasm (D:1)
  A giant cockroach (D:1)
  8 goblins
  3 hobgoblins (D:2)
  2 kobolds (D:1)
  A quokka (D:1)
  A bat (D:1)
  A frilled lizard (D:1)
  3 rats (D:1)
22 creatures vanquished.

Notes
Turn   | Place    | Note
-------+----------+-------------------------------------------
     0 | D:1      | Byczy the Deep Elf Air Elementalist began the quest for the
                  | Orb.
     0 | D:1      | Reached XP level 1. HP: 10/10 MP: 6/6
   380 | D:1      | Found a faded altar of an unknown god.
   507 | D:1      | Reached XP level 2. HP: 15/15 MP: 6/8
   911 | D:2      | Noticed Robin
   931 | D:2      | Slain by a goblin

Illustrated notes

Levels and vault maps discovered:
D:1:      dpeg_arrival_rhombus, layout_loops_ring,
          shapermc_ecumenical_altar_hornbeckon
D:2:      layout_loops_ring, basic_altar, uniq_robin

Action                     || total
---------------------------++-------
  Melee: Falchion          ||     5
   Cast: Shock             ||    47
 Armour: Robe              ||     5
  Dodge: Dodged            ||    15
